 Dungeon Crawl Stone Soup version 0.30-a0-23-ge60ba3568b (webtiles) character file.

Game seed: 1307522609115367385

336 snetch the Chopper (level 6, -15/56 HPs)
             Began as a Minotaur Berserker on Aug 26, 2022.
             Was a Priest of Trog.
             Demolished by a mummy (17 damage)
             ... in an ossuary.
             The game lasted 00:07:16 (2476 turns).

snetch the Chopper (Minotaur Berserker)             Turns: 2476, Time: 00:07:17

Health: -15/56     AC:  5    Str: 23    XL:     6   Next: 28%
Magic:  5/5        EV: 11    Int:  4    God:    Trog [***...]
Gold:   70         SH:  0    Dex: 10    Spells: 5/5 levels left

rFire   . . .      SeeInvis +    a - +0 hand axe
rCold   . . .      Faith    .    (no shield)
rNeg    . . .      Spirit   .    b - +0 ring mail
rPois   .          Reflect  .    (helmet restricted)
rElec   .          Harm     .    (no cloak)
rCorr   .          Rampage  .    (no gloves)
Will    .....                    (no boots)
Stlth   +.........               (no amulet)
HPRegen 0.18/turn                h - ring of see invisible
MPRegen 0.09/turn                (no ring)

@: no status effects
A: horns 2, retaliatory headbutt
a: Renounce Religion, Berserk, Trog's Hand


You were in an ossuary.
You worshipped Trog.
Trog was most pleased with you.
You visited 1 branch of the dungeon, and saw 4 of its levels.
You also visited: Ossuary.

You collected 70 gold pieces.

Inventory:

Hand Weapons
 a - a +0 hand axe (weapon)
 f - a +2 short sword of electrocution
Missiles
 d - 46 stones (quivered)
Armour
 b - a +0 ring mail (worn)
Jewellery
 h - a ring of see invisible (left hand)
Scrolls
 e - a scroll of acquirement {unknown}
 g - 2 scrolls of blinking {unknown}
 i - 2 scrolls of magic mapping {unknown}
 j - 3 scrolls of teleportation {unknown}
 k - 5 scrolls of identify {unknown}
 l - a scroll of immolation {unknown}
 m - a scroll of vulnerability {unknown}
Potions
 c - a potion of curing {unknown}
 n - a potion of attraction {unknown}
 o - a potion of flight {unknown}
 p - 2 potions of heal wounds {unknown}
 q - a potion of mutation {unknown}


   Skills:
 + Level 5.0 Fighting
 + Level 6.4 Axes
 + Level 3.9 Armour
 + Level 3.3 Dodging
 + Level 0.8 Stealth


You had 5 spell levels left.
You didn't know any spells.
Your spell library contained the following spells:

 Spells                   Type           Power      Damage    Failure   Level
 Ignite Poison            Fire/Tmut/Pois 0%         N/A       95%         3
 Mephitic Cloud           Conj/Pois/Air  0%         N/A       95%         3
 Freezing Cloud           Conj/Ice/Air   0%         6-21      100%        5


Dungeon Overview and Level Annotations

Branches:
Dungeon (4/15)            Ossuary (1/1)
 Temple: D:4-7

Altars:
Vehumet


Innate Abilities, Weirdness & Mutations

You have a pair of horns on your head.
You reflexively headbutt those who attack you in melee.


Message History

You hit the mummy. The mummy closely misses you.
Unknown command.
You hit the mummy. You headbutt the mummy.
The mummy is severely damaged.
You hit the mummy but do no damage.
Unknown command.
You hit the mummy.
The mummy is heavily damaged.
You hit the mummy but do no damage. The mummy closely misses you.
The mummy misses you.
Unknown command.
You slash the mummy!
You destroy the mummy!
Trog accepts your kill.
You barely miss the mummy. The mummy hits you but does no damage.
Unknown command.
You slash the orc zombie!
You destroy the orc zombie!
Trog accepts your kill.
You hit the mummy.
Unknown command.
You hit the mummy.
The mummy is almost destroyed.
The mummy closely misses you.
You hit the mummy.
You destroy the mummy!
Trog accepts your kill.
Unknown command. 2 mummies come into view.
The mummy hits you!
You are too injured to fight recklessly!
You are too injured to fight recklessly!
You are too injured to fight recklessly!
You barely miss the mummy. You barely miss the mummy. The mummy hits you!
* * * LOW HITPOINT WARNING * * *
You hit the mummy but do no damage.
You headbutt the mummy, but do no damage.
The mummy hits you!
You die...

#### ...## .M ####
....## .... ##..##
.....#
....##....##M....#
......M....@.....#
................##
..............##
#........##+#
##......##
##....## #....#
#....# #....#


You could see 2 mummies.

Vanquished Creatures
  A black bear (D:4)
  A scorpion (D:4)
  An iguana (D:4)
  4 mummies (Ossuary)
  4 adders
  A worm (D:2)
  3 dart slugs
  2 endoplasms
  3 giant cockroaches
  A gnoll zombie (Ossuary)
  5 goblins
  3 hobgoblins
  8 jackals
  3 quokkas
  5 ball pythons
  5 bats
  5 frilled lizards
  2 hobgoblin zombies (Ossuary)
  10 kobolds
  A kobold zombie (Ossuary)
  4 orc zombies (Ossuary)
  2 rats
74 creatures vanquished.

Notes
Turn   | Place    | Note
-------+----------+-------------------------------------------
     0 | D:1      | snetch the Minotaur Berserker began the quest for the Orb.
     0 | D:1      | Reached XP level 1. HP: 19/19 MP: 0/0
   125 | D:1      | Reached skill level 4 in Axes
   126 | D:1      | Reached XP level 2. HP: 23/27 MP: 1/1
   715 | D:1      | Reached XP level 3. HP: 17/33 MP: 2/2
   894 | D:1      | Reached ** piety under Trog
   915 | D:1      | Found a faded altar of an unknown god.
  1656 | D:2      | Reached XP level 4. HP: 38/40 MP: 3/3
  1765 | D:2      | Reached skill level 5 in Axes
  2248 | D:4      | Noticed a black bear
  2249 | D:4      | Noticed a scorpion
  2255 | D:4      | Killed a scorpion
  2256 | D:4      | Reached XP level 5. HP: 47/47 MP: 4/4
  2256 | D:4      | Killed a black bear
  2257 | D:4      | Reached skill level 5 in Fighting
  2268 | D:4      | Reached skill level 6 in Axes
  2268 | D:4      | Reached XP level 6. HP: 50/56 MP: 5/5
  2276 | D:4      | Found a radiant altar of Vehumet.
  2423 | D:4      | Found a sand-covered staircase.
  2439 | Ossuary  | Entered an ossuary
  2467 | Ossuary  | Reached *** piety under Trog
  2475 | Ossuary  | HP: 2/56 [mummy (17)]
  2476 | Ossuary  | Demolished by a mummy

Illustrated notes

Levels and vault maps discovered:
D:1:      sevenhm_arrival_forest_fort_small_5, layout_basic,
          hellmonk_ecumenical_altar_crossroads, minmay_door_square
D:2:      layout_loops_cross
D:3:      minmay_razor_zed, layout_basic, serial_shops,
          nicolae_shop_hallway_stairs
D:4:      layout_basic, kennysheep_mini_moat, nicolae_ossuary_entry_monument
Ossuary:  ossuary_tomb_3

Skill      XL: |  1  2  3  4  5 |
---------------+----------------+-----
Axes           | 4 5 6 |  6.4
Fighting       | 4 5 |  5.0
Armour         | 3 |  3.9
Dodging        | 3 |  3.3
Stealth        | |  0.8

Action                   |  1- 3 |  4- 6 || total
-------------------------+-------+-------++-------
Melee: Hand axe          |    80 |    72 ||   152
       Headbutt          |     7 |    12 ||    19
       Punch             |     1 |     1 ||     2
Throw: Stone             |     1 |     2 ||     3
Invok: Berserk           |       |     1 ||     1
       Trog's Hand       |       |     1 ||     1
 Stab: Sleeping          |     1 |       ||     1
Armor: Animal skin       |    17 |       ||    17
       Ring mail         |       |    22 ||    22
Dodge: Dodged            |    66 |    43 ||   109

Table legend: (Time is in decaauts)
 A = Elapsed time spent in this place.
 B = Non-inter-level travel time spent in this place.
 C = Inter-level travel time spent in this place.
 D = Time resting spent in this place.
 E = Time spent auto-exploring this place.
 F = Levels seen in this place.
 G = Mean time per level.
                   A        B        C        D        E       F      G
               +--------+--------+--------+--------+--------+-----+--------+
         Total |   2501 |   2399 |    102 |      0 |   1650 |   5 |  500.2 |
       Dungeon |   2464 |   2362 |    102 |      0 |   1649 |   4 |  616.0 |
       Ossuary |     36 |     36 |      0 |      0 |      1 |   1 |   36.0 |
               +--------+--------+--------+--------+--------+-----+--------+

Top non-repeatable levels by time:
     D:1: 1085 daAuts
     D:2: 1047 daAuts
     D:4: 204 daAuts
     D:3: 127 daAuts
 Ossuary: 36 daAuts
